TOP OF THE 1ST |
Hendersonville Hitmen batting - Pitching for Birmingham Steeldogs : RHP Arthur Green
|
Pitching: RHP Arthur Green
|
|
Batting: RHB Carlos García
|
0-0: Foul Ball, location: 2F 0-1: Ball 1-1: Reached on error, E6 (Groundball, 6)
|
Batting: RHB Rafael González
|
0-0: Called Strike 0-1: Ball 1-1: Ball 2-1: Grounds into double play, 6-4-3 (Groundball, 6M)
|
Batting: LHB Jerry Bryan
|
0-0: Foul Ball, location: 2F 0-1: Foul Ball, location: 2F 0-2: Ball 1-2: Fly out, F4 (Popup, 9S)
|
Top of the 1st over - 0 run(s), 0 hit(s), 1 error(s), 0 left on base; Hendersonville 0 - Birmingham 0 |
BOTTOM OF THE 1ST |
Birmingham Steeldogs batting - Pitching for Hendersonville Hitmen : RHP Samuel Émond
|
Pitching: RHP Samuel Émond
|
|
Batting: LHB Glenn Garrett
|
0-0: Called Strike 0-1: Foul Ball, location: 2F 0-2: Ball 1-2: Ground out U3 (Groundball, 3)
|
Batting: RHB Jorge Canó
|
0-0: Ball 1-0: Bunt for hit - play at first, batter OUT! 1-3
|
Batting: LHB José Sánchez
|
0-0: Ball 1-0: SINGLE (Line Drive, 89S)
|
Batting: SHB Jesús Ramírez
|
0-0: Fly out, F9 (Line Drive, 9D)
|
Bottom of the 1st over - 0 run(s), 1 hit(s), 0 error(s), 1 left on base; Hendersonville 0 - Birmingham 0 |
TOP OF THE 2ND |
Hendersonville Hitmen batting - Pitching for Birmingham Steeldogs : RHP Arthur Green
|
Batting: RHB Manolo Román
|
0-0: Ball 1-0: SINGLE (Flyball, 89S)
|
Batting: LHB José Flores
|
0-0: Called Strike 0-1: Called Strike 0-2: Ball 1-2: Ball 2-2: Ball 3-2: Foul Ball, location: 2F 3-2: Foul Ball, location: 2F 3-2: Foul Ball, location: 2F 3-2: Foul Ball, location: 2F 3-2: Base on Balls Manolo Román to second
|
Batting: SHB Tony López
|
0-0: Ball 1-0: Called Strike 1-1: Grounds into double play, U4-3 (Groundball, 4) Manolo Román to third
|
Batting: LHB Jerry Johnston
|
0-0: Foul Ball, location: 2F 0-1: Called Strike 0-2: Strikes out swinging
|
Top of the 2nd over - 0 run(s), 1 hit(s), 0 error(s), 1 left on base; Hendersonville 0 - Birmingham 0 |
BOTTOM OF THE 2ND |
Birmingham Steeldogs batting - Pitching for Hendersonville Hitmen : RHP Samuel Émond
|
Batting: RHB Eric Johnson
|
0-0: Fly out, F8 (Line Drive, 89D)
|
Batting: RHB Raúl Soto
|
0-0: Ball 1-0: Called Strike 1-1: Ball 2-1: SOLO HOME RUN (Flyball, 8LXD), Distance : 437 ft
|
Batting: RHB David Raymos
|
0-0: Called Strike 0-1: Ball 1-1: Ball 2-1: SINGLE (Line Drive, 8LS)
|
Batting: LHB Mitchell Oglethorpe
|
0-0: Ball 1-0: Foul Ball, location: 2F 1-1: Called Strike 1-2: Strikes out looking
|
Batting: SHB Masafumi Azuma
|
0-0: Ball 1-0: Foul Ball, location: 2F 1-1: Foul Ball, location: 2F 1-2: Ball 2-2: Ball 3-2: Base on Balls David Raymos to second
|
Batting: LHB Glenn Garrett
|
0-0: Ball 1-0: Foul Ball, location: 2F 1-1: Ball 2-1: Swinging Strike 2-2: Ball 3-2: Ground out 6-3 (Groundball, 6M)
|
Bottom of the 2nd over - 1 run(s), 2 hit(s), 0 error(s), 2 left on base; Hendersonville 0 - Birmingham 1 |
TOP OF THE 3RD |
Hendersonville Hitmen batting - Pitching for Birmingham Steeldogs : RHP Arthur Green
|
Batting: RHB Junior Vargas
|
0-0: Ball 1-0: Ball 2-0: Called Strike 2-1: SINGLE (Groundball, 34D)
|
Batting: RHB Taylor McFarland
|
0-0: Ball 1-0: Swinging Strike 1-1: Called Strike 1-2: Ball 2-2: SINGLE (Line Drive, 9S) Junior Vargas to second Runner from 2nd tries for 3rd, SAFE, throw made to third
|
Batting: RHB Carlos García
|
0-0: Ball 1-0: Ball 2-0: Ball 3-0: Base on Balls Taylor McFarland to second
|
Batting: RHB Rafael González
|
0-0: Foul Ball, location: 2F 0-1: Ball 1-1: Ball 2-1: Ball 3-1: Base on Balls Junior Vargas scores Taylor McFarland to third Carlos García to second
|
Batting: LHB Jerry Bryan
|
0-0: Ball 1-0: Ground out 4-3 (Groundball, 4S) Taylor McFarland scores Carlos García to third Rafael González to second
|
Batting: RHB Manolo Román
|
0-0: Called Strike 0-1: Ball 1-1: Foul Ball, location: 2F 1-2: Ball 2-2: Ground out 6-3 (Groundball, 6) Carlos García scores Rafael González to third
|
Batting: LHB José Flores
|
0-0: Swinging Strike 0-1: Called Strike 0-2: Foul Ball, location: 2F 0-2: Ball 1-2: Foul Ball, location: 2F 1-2: Ball 2-2: Strikes out swinging
|
Top of the 3rd over - 3 run(s), 2 hit(s), 0 error(s), 1 left on base; Hendersonville 3 - Birmingham 1 |
BOTTOM OF THE 3RD |
Birmingham Steeldogs batting - Pitching for Hendersonville Hitmen : RHP Samuel Émond
|
Batting: RHB Jorge Canó
|
0-0: Foul Ball, location: 2F 0-1: Ball 1-1: Ball 2-1: Ball 3-1: Ground out 5-3 (Groundball, 5L)
|
Batting: LHB José Sánchez
|
0-0: Ground out 4-3 (Groundball, 34)
|
Batting: SHB Jesús Ramírez
|
0-0: Ball 1-0: Swinging Strike 1-1: Swinging Strike 1-2: Ball 2-2: Strikes out swinging
|
Bottom of the 3rd over - 0 run(s), 0 hit(s), 0 error(s), 0 left on base; Hendersonville 3 - Birmingham 1 |
BOTTOM OF THE 4TH |
Birmingham Steeldogs batting - Pitching for Hendersonville Hitmen : RHP Samuel Émond
|
Batting: RHB Eric Johnson
|
0-0: Fly out, F4 (Popup, 4)
|
Batting: RHB Raúl Soto
|
0-0: Ball 1-0: Fly out, F9 (Flyball, 89S)
|
Batting: RHB David Raymos
|
0-0: SINGLE (Groundball, 25) (infield hit)
|
Batting: LHB Mitchell Oglethorpe
|
0-0: Ball 1-0: Ground out 4-3 (Groundball, 4)
|
Bottom of the 4th over - 0 run(s), 1 hit(s), 0 error(s), 1 left on base; Hendersonville 5 - Birmingham 1 |
TOP OF THE 5TH |
Hendersonville Hitmen batting - Pitching for Birmingham Steeldogs : RHP Arthur Green
|
Pitching: RHP Ken Gary
|
|
Batting: LHB José Flores
|
0-0: Called Strike 0-1: Swinging Strike 0-2: Ball 1-2: Strikes out swinging
|
Batting: SHB Tony López
|
0-0: Foul Ball, location: 2F 0-1: Swinging Strike 0-2: Fly out, F9 (Flyball, 9M)
|
Batting: LHB Jerry Johnston
|
0-0: Fly out, F5 (Popup, 5F)
|
Top of the 5th over - 0 run(s), 0 hit(s), 0 error(s), 0 left on base; Hendersonville 5 - Birmingham 1 |
BOTTOM OF THE 5TH |
Birmingham Steeldogs batting - Pitching for Hendersonville Hitmen : RHP Samuel Émond
|
Pitching: RHP Jorge Pérez
|
|
Batting: SHB Masafumi Azuma
|
0-0: Ball 1-0: Foul Ball, location: 2F 1-1: Called Strike 1-2: Ground out 1-3 (Groundball, 25)
|
Batting: LHB Glenn Garrett
|
0-0: Ball 1-0: Ball 2-0: Called Strike 2-1: Ball 3-1: Called Strike 3-2: Base on Balls
|
Batting: RHB Jorge Canó
|
0-0: Foul Ball, location: 2F 0-1: Called Strike 0-2: Foul Ball, location: 2F 0-2: Strikes out swinging
|
Batting: LHB José Sánchez
|
0-0: Ball 1-0: Fly out, F5 (Popup, 5SF)
|
Bottom of the 5th over - 0 run(s), 0 hit(s), 0 error(s), 1 left on base; Hendersonville 5 - Birmingham 1 |
TOP OF THE 6TH |
Hendersonville Hitmen batting - Pitching for Birmingham Steeldogs : RHP Ken Gary
|
Batting: RHB Junior Vargas
|
0-0: Ball 1-0: Fly out, F4 (Line Drive, 4M)
|
Batting: RHB Taylor McFarland
|
0-0: Called Strike 0-1: Ball 1-1: Foul Ball, location: 2F 1-2: Ball 2-2: Foul Ball, location: 2F 2-2: Ground out U3 (Groundball, 3)
|
Batting: RHB Carlos García
|
0-0: Ball 1-0: Called Strike 1-1: Foul Ball, location: 2F 1-2: Ball 2-2: Strikes out looking
|
Top of the 6th over - 0 run(s), 0 hit(s), 0 error(s), 0 left on base; Hendersonville 5 - Birmingham 1 |
BOTTOM OF THE 6TH |
Birmingham Steeldogs batting - Pitching for Hendersonville Hitmen : RHP Jorge Pérez
|
Batting: SHB Jesús Ramírez
|
0-0: Foul Ball, location: 2F 0-1: DOUBLE (Line Drive, 3D)
|
Batting: RHB Eric Johnson
|
0-0: Ball 1-0: Swinging Strike 1-1: Swinging Strike 1-2: Strikes out swinging
|
Batting: RHB Raúl Soto
|
0-0: Ground out 6-3 (Groundball, 6M) Jesús Ramírez to third
|
Batting: RHB David Raymos
|
0-0: Ball 1-0: Called Strike 1-1: Swinging Strike 1-2: Foul Ball, location: 2F 1-2: Ball 2-2: Foul Ball, location: 2F 2-2: Ground out 1-3 (Groundball, 15)
|
Bottom of the 6th over - 0 run(s), 1 hit(s), 0 error(s), 1 left on base; Hendersonville 5 - Birmingham 1 |
TOP OF THE 7TH |
Hendersonville Hitmen batting - Pitching for Birmingham Steeldogs : RHP Ken Gary
|
Pitching: RHP Víctor Reyes
|
|
Pinch Hitting: SHB David Johnstone
|
0-0: Called Strike 0-1: Ball 1-1: Ball 2-1: Swinging Strike 2-2: Foul Ball, location: 2F 2-2: Ground out 4-3 (Groundball, 4)
|
Batting: LHB Jerry Bryan
|
0-0: Ball 1-0: Ball 2-0: Called Strike 2-1: Called Strike 2-2: Foul Ball, location: 2F 2-2: Foul Ball, location: 2F 2-2: Foul Ball, location: 2F 2-2: Fly out, F9 (Flyball, 89M)
|
Pinch Hitting: RHB Jonah Duncan
|
0-0: Called Strike 0-1: Foul Ball, location: 2F 0-2: Foul Ball, location: 2F 0-2: Foul Ball, location: 2F 0-2: Strikes out looking
|
Top of the 7th over - 0 run(s), 0 hit(s), 0 error(s), 0 left on base; Hendersonville 5 - Birmingham 1 |
BOTTOM OF THE 7TH |
Birmingham Steeldogs batting - Pitching for Hendersonville Hitmen : RHP Jorge Pérez
|
Pitching: RHP Francisco Carrasco
|
|
Now at 1B: David Johnstone
|
|
Now at 3B: Jonah Duncan
|
|
Batting: LHB Mitchell Oglethorpe
|
0-0: Called Strike 0-1: Ball 1-1: Ball 2-1: Ball 3-1: Foul Ball, location: 2F 3-2: Foul Ball, location: 2F 3-2: Base on Balls
|
Batting: SHB Masafumi Azuma
|
0-0: Ball 1-0: DOUBLE (Flyball, 7D) Mitchell Oglethorpe to third
|
Pinch Hitting: SHB John Miller
|
0-0: Ground out 6-3 (Groundball, 6) Mitchell Oglethorpe scores Masafumi Azuma to third
|
Pinch Hitting: LHB Marc May
|
0-0: Called Strike 0-1: Ball 1-1: Ground out 5-3 (Groundball, 5D)
|
Batting: RHB Nick Webb
|
0-0: Ball 1-0: Called Strike 1-1: Ball 2-1: Fly out, F7 (Flyball, 7S)
|
Bottom of the 7th over - 1 run(s), 1 hit(s), 0 error(s), 1 left on base; Hendersonville 5 - Birmingham 2 |
TOP OF THE 8TH |
Hendersonville Hitmen batting - Pitching for Birmingham Steeldogs : RHP Víctor Reyes
|
Now at 2B: John Miller
|
|
Now in CF: John Haney
|
|
Batting: LHB José Flores
|
0-0: Ball 1-0: Foul Ball, location: 2F 1-1: Called Strike 1-2: Strikes out swinging
|
Batting: SHB Tony López
|
0-0: DOUBLE (Flyball, 89D)
|
Batting: LHB Jerry Johnston
|
0-0: Intentional Walk
|
Pinch Hitting: RHB Robert Buckley
|
0-0: Called Strike 0-1: Foul Ball, location: 2F 0-2: Strikes out swinging
|
Batting: RHB Taylor McFarland
|
0-0: Ball 1-0: Called Strike 1-1: Ball 2-1: Foul Ball, location: 2F 2-2: Ball 3-2: Foul Ball, location: 2F 3-2: Strikes out looking
|
Top of the 8th over - 0 run(s), 1 hit(s), 0 error(s), 2 left on base; Hendersonville 5 - Birmingham 2 |
BOTTOM OF THE 8TH |
Birmingham Steeldogs batting - Pitching for Hendersonville Hitmen : RHP Francisco Carrasco
|
Now at 2B: Robert Buckley
|
|
Pinch Hitting: RHB Paço Ttes
|
0-0: Called Strike 0-1: Foul Ball, location: 2F 0-2: Ball 1-2: Strikes out swinging
|
Batting: RHB Eric Johnson
|
0-0: Hit by Pitch
|
Batting: RHB Raúl Soto
|
0-0: Ball 1-0: Ball 2-0: Grounds into double play, 6-4-3 (Groundball, 6)
|
Bottom of the 8th over - 0 run(s), 0 hit(s), 0 error(s), 0 left on base; Hendersonville 5 - Birmingham 2 |
TOP OF THE 9TH |
Hendersonville Hitmen batting - Pitching for Birmingham Steeldogs : RHP Víctor Reyes
|
Now at 2B: Paço Ttes
|
|
Batting: RHB Carlos García
|
0-0: Ball 1-0: Ball 2-0: Ball 3-0: Base on Balls
|
Batting: SHB David Johnstone
|
0-0: Ground out 5-3 (Groundball, 56S) Carlos García to second
|
Batting: LHB Jerry Bryan
|
0-0: Intentional Walk
|
Batting: RHB Jonah Duncan
|
0-0: Swinging Strike 0-1: Ball 1-1: Foul Ball, location: 2F 1-2: Foul Ball, location: 2F 1-2: Strikes out swinging
|
Pitching: LHP Juan Fuentes
|
|
Batting: LHB José Flores
|
0-0: Ball 1-0: Foul Ball, location: 2F 1-1: Ball 2-1: Foul Ball, location: 2F 2-2: Foul Ball, location: 2F 2-2: Hit by Pitch Carlos García to third Jerry Bryan to second
|
Pitching: RHP José Ruíz
|
|
Batting: SHB Tony López
|
0-0: Called Strike 0-1: Ball 1-1: DOUBLE (Flyball, 8RD) Carlos García scores Jerry Bryan scores José Flores to third
|
Pinch Hitting: RHB Alfredo Cortéz
|
0-0: Ground out U3 (Groundball, 3L)
|
Top of the 9th over - 2 run(s), 1 hit(s), 0 error(s), 2 left on base; Hendersonville 7 - Birmingham 2 |
BOTTOM OF THE 9TH |
Birmingham Steeldogs batting - Pitching for Hendersonville Hitmen : RHP Francisco Carrasco
|
Now at C: Alfredo Cortéz
|
|
Pinch Hitting: RHB Valentín Borges
|
0-0: Called Strike 0-1: Ball 1-1: Swinging Strike 1-2: Strikes out looking
|
Pitching: RHP Carlos Hernández
|
|
Pinch Hitting: RHB Michael Swanson
|
0-0: Ground out 6-3 (Groundball, 6)
|
Batting: SHB Masafumi Azuma
|
0-0: Foul Ball, location: 2F 0-1: Swinging Strike 0-2: Ball 1-2: Ball 2-2: Ball 3-2: Ground out 6-3 (Groundball, 6)
|
Bottom of the 9th over - 0 run(s), 0 hit(s), 0 error(s), 0 left on base; Hendersonville 7 - Birmingham 2 |
|